 Dungeon Crawl Stone Soup version 0.26-b1-32-g5d43845318 (webtiles) character file.

Game seed: 11471120823622043581

279 Borgoz the Cudgeller (level 6, -2/38 HPs)
             Began as a Gargoyle Gladiator on Jan 10, 2021.
             Slain by Sekiam's ghost (6 damage)
             ... on level 3 of the Dungeon.
             The game lasted 00:03:19 (3686 turns).

Borgoz the Cudgeller (Gargoyle Gladiator)           Turns: 3686, Time: 00:03:19

Health: -2/38      AC:  9    Str: 17    XL:     6   Next: 26%
Magic:  6/6        EV: 13    Int:  9    God:
Gold:   129        SH:  0    Dex: 13    Spells: 5/5 levels left

rFire    . . .     SeeInvis .   a - +0 flail
rCold    . . .     Faith    .   (no shield)
rNeg     + . .     Spirit   .   b - +0 leather armour
rPois    ∞         Reflect  .   c - +0 helmet
rElec    +         Harm     .   (no cloak)
rCorr    .         Rampage  .   (no gloves)
Will     .....                  m - +0 pair of boots
Stlth    +.........             (no amulet)
HPRegen  0.12/turn              (no ring)
MPRegen  0.10/turn              (no ring)

@: mighty
A: negative energy resistance 1, electricity resistance, unbreathing,
petrification resistance, miasma immunity, AC +4
a: no special abilities


You were on level 3 of the Dungeon.
You visited 1 branch of the dungeon, and saw 3 of its levels.

You collected 129 gold pieces.

Inventory:

Hand Weapons
 a - a +0 flail (weapon)
Missiles
 d - 2 throwing nets (quivered)
Armour
 b - a +0 leather armour (worn)
 c - a +0 helmet (worn)
 m - a +0 pair of boots (worn)
Jewellery
 o - an uncursed ring of fire
 r - a +6 ring of dexterity {unknown}
Wands
 q - a wand of polymorph (2)
Scrolls
 e - a scroll of blinking {unknown}
 f - 2 scrolls of fear {unknown}
 g - 6 scrolls of identify {unknown}
 j - 2 scrolls of remove curse {unknown}
 p - 2 scrolls of enchant weapon {unknown}
Potions
 h - a potion of attraction {unknown}
 i - a potion of might
 k - a potion of brilliance {unknown}
 l - 3 potions of curing {unknown}
 n - a potion of haste {unknown}
 s - a potion of lignification {unknown}


   Skills:
 + Level 3.7 Fighting
 * Level 4.8 Maces & Flails
 - Level 1.7 Throwing
 * Level 4.0 Dodging


You had 5 spell levels left.
You didn't know any spells.
Your spell library was empty.

Dungeon Overview and Level Annotations

Branches:
Dungeon (3/15)

Altars:

Annotations:
D:3 Sekiam's ghost, amateur HOHu; grindst0ne's ghost, amateur OgHu


Innate Abilities, Weirdness & Mutations

You are resistant to torment.
Your stone body is resilient. (AC +4)
You are immune to poison.
You resist negative energy. (rN+)
You are resistant to electric shocks. (rElec)
You can survive without breathing.
You are immune to petrification.
You are immune to miasma.


Message History

Sekiam's ghost hits you but does no damage.
Grindst0ne's ghost closely misses you.
You sock grindst0ne's ghost!
Grindst0ne's ghost is moderately damaged.
Sekiam's ghost closely misses you.
Grindst0ne's ghost completely misses you.
You closely miss grindst0ne's ghost.
Grindst0ne's ghost is moderately damaged.
Sekiam's ghost closely misses you. Grindst0ne's ghost barely misses you.
You barely miss grindst0ne's ghost.
Grindst0ne's ghost is moderately damaged.
Sekiam's ghost barely misses you. Grindst0ne's ghost hits you.
* * * LOW HITPOINT WARNING * * *
x2 You sock Sekiam's ghost!
Sekiam's ghost is severely damaged.
Sekiam's ghost barely misses you. Grindst0ne's ghost closely misses you.
You closely miss Sekiam's ghost.
Sekiam's ghost is severely damaged.
Sekiam's ghost hits you.
You die...

....#######.....#......#.........
................+......+.........
....#######.....#......#.........
...÷#...........#......#.........
....#...........))).....###......
....#.......#.....).....###......
....#.......#....######.#........
....#.......#....#.⌠.$###...#.##.
#####.......#...@#.!..8##...#..#.
#.......#..WW#.....?#...##.#.
#.......#....'......#...##.#.
#########....'.....⌠#...##.#.
####### #....'......#...##...
#.....# #....#.....$#...##...
#.....# #....#....8##...##..>
#.....# ######.⌠.(##....##)#.
#.....# #########.##.#.


You could see Sekiam's ghost and grindst0ne's ghost.

Vanquished Creatures
  An orc priest (D:3)
  An orc wizard (D:3)
  Natasha (thrice) (D:2)
  A gnoll (D:1)
  5 adders
  An ooze (D:1)
  2 worms (D:2)
  4 dart slugs
  A leopard gecko (D:1)
  8 orcs (D:3)
  10 bats
  7 giant cockroaches
  10 goblins
  5 hobgoblins
  A frilled lizard (D:3)
  8 kobolds
  8 rats
76 creatures vanquished.

Vanquished Creatures (others)
  6 withered plants (D:3)
6 creatures vanquished.

Grand Total: 82 creatures vanquished

Notes
Turn   | Place    | Note
-------+----------+-------------------------------------------
     0 | D:1      | Borgoz the Gargoyle Gladiator began the quest for the Orb.
     0 | D:1      | Reached XP level 1. HP: 12/12 MP: 1/1
    64 | D:1      | Reached XP level 2. HP: 13/18 MP: 2/2
   688 | D:1      | Reached XP level 3. HP: 20/22 MP: 3/3
  1388 | D:2      | Reached XP level 4. HP: 26/27 MP: 4/4
  1892 | D:2      | Noticed Natasha
  1895 | D:2      | Killed Natasha
  2054 | D:2      | Noticed Natasha
  2065 | D:2      | Killed Natasha
  2066 | D:2      | Reached XP level 5. HP: 17/32 MP: 5/5
  2221 | D:2      | Noticed Natasha
  2231 | D:2      | Killed Natasha
  2847 | D:3      | Found a runed translucent gate.
  2847 | D:3      | Found a runed translucent gate.
  2854 | D:3      | Found a runed translucent gate.
  2855 | D:3      | Noticed Sekiam's ghost (amateur HOHu)
  2855 | D:3      | Noticed grindst0ne's ghost (amateur OgHu)
  2952 | D:3      | Reached XP level 6. HP: 34/37 MP: 6/6
  3686 | D:3      | Slain by Sekiam's ghost

Illustrated notes

Levels and vault maps discovered:
D:1:      dpeg_arrival_subterranean_lakeside_camping, layout_basic,
          minmay_worlds_worst_comb
D:2:      layout_loops_ring, uniq_natasha
D:3:      layout_basic, gammafunk_ghost_cemetery

Skill      XL: |  1  2  3  4  5  6 |
---------------+-------------------+-----
Dodging        | 3 4 |  4.0
Fighting       | 3 |  3.7
Maces & Flails | 4 |  4.8
Throwing       | |  1.7

Action                   |  1- 3 |  4- 6 || total
-------------------------+-------+-------++-------
Melee: Flail             |   101 |   162 ||   263
       Unarmed           |       |     5 ||     5
Throw: Throwing net      |     1 |       ||     1
  Use: Potion            |       |     1 ||     1
Armor: Leather armour    |    40 |    85 ||   125
Dodge: Dodged            |    66 |   167 ||   233
